 Dungeon Crawl Stone Soup version 0.30.0-16-gbe6223bb7e (webtiles) character file.

Game seed: 5620336931643573600

500 bmack86 the Trooper (level 7, -2/56 HPs)
             Began as a Barachi Cinder Acolyte on May 21, 2023.
             Was a Priest of Ignis.
             Slain by Pikel
             ... wielding a +2 whip of flaming
              (10 damage)
             ... on level 4 of the Dungeon.
             The game lasted 00:18:28 (3569 turns).

bmack86 the Trooper (Barachi Cinder Acolyte)        Turns: 3569, Time: 00:18:29

Health: -2/56      AC: 10    Str: 15    XL:     7   Next: 16%
Magic:  9/13       EV: 11    Int: 16    God:    Ignis [***...]
Gold:   85         SH:  0    Dex:  8    Spells: 12/14 levels left

rFire   + . .        a - -1 hand axe (flame)
rCold   . . .        (no shield)
rNeg    . . .        b - +0 robe
rPois   .            (no helmet)
rElec   .            (no cloak)
rCorr   .            (no gloves)
SInv    .            q - +0 pair of boots
Will    .....        (no amulet)
Stlth   +            (no ring)
HPRegen 0.29/turn    (no ring)
MPRegen 0.13/turn

%: no passive effects
@: fiery-armoured, slow
A: amphibious, slowness 1, strong legs 1, +LOS
a: Hop, Renounce Religion, Fiery Armour, Foxfire Swarm, Rising Flame


You were on level 4 of the Dungeon.
You worshipped Ignis.
Ignis was most pleased with you.
You visited 1 branch of the dungeon, and saw 4 of its levels.
You also visited: Sewer.

You collected 85 gold pieces.

Inventory:

Hand Weapons
 a - a -1 hand axe of flaming (weapon)
Missiles
 c - 8 curare-tipped darts
 e - 3 boomerangs
 g - 3 poisoned darts
Armour
 b - a +0 robe (worn)
 q - a +0 pair of boots (worn)
Scrolls
 f - a scroll of poison {unknown}
 i - 3 scrolls of blinking
 j - a scroll of immolation {unknown}
 n - a scroll of enchant armour {unknown}
 o - 2 scrolls of noise {unknown}
 p - a scroll of fear {unknown}
 r - 3 scrolls of magic mapping {unknown}
Potions
 d - a potion of curing
 h - a potion of invisibility
 k - a potion of cancellation
 l - a potion of degeneration {unknown}
 m - a potion of heal wounds {unknown}


   Skills:
 + Level 5.0 Fighting
 + Level 4.6 Axes
 * Level 4.1 Spellcasting
 - Level 1.4 Summonings
 * Level 3.3 Translocations
 - Level 4.1 Fire Magic


You had 12 spell levels left.
You knew the following spells:

 Your Spells              Type           Power      Damage    Failure   Level
a - Scorch                Fire           32%        2d6       4%          2

Your spell library contained the following spells:

 Spells                   Type           Power      Damage    Failure   Level
 Blink                    Tloc           28%        N/A       6%          2
 Lesser Beckoning         Tloc           28%        N/A       6%          2
 Momentum Strike          Conj/Tloc      16%        3d8       13%         2
 Slow                     Hex            12%        N/A       17%         1
 Sublimation of Blood     Necr           3%         N/A       26%         2
 Wereblood                Tmut           3%         N/A       26%         2
 Confusing Touch          Hex            3%         N/A       45%         3
 Vampiric Draining        Necr           3%         2d6       45%         3
 Summon Hydra             Summ           3%         N/A       100%        7


Dungeon Overview and Level Annotations

Branches:
Dungeon (4/15)              Sewer (visited)
 Temple: D:4-7

Altars:

Annotations:
D:4 Pikel


Innate Abilities, Weirdness & Mutations

You are amphibious.
You cover ground slowly.
You can hop short distances.
You have an extended range of vision and can be seen from far away.


Message History

The lemure is burned by your cloak of flames.
The lemure is moderately wounded.
The lemure closely misses you. The lemure hits you but does no damage.
The lemure is burned by your cloak of flames.
The lemure is heavily wounded.
Pikel hits you but does no damage.
Pikel resists.
Pikel is burned by your cloak of flames.
Pikel is lightly wounded.
Casting: Scorch (safe; 4% risk of failure)
Confirm with . or Enter, or press ? or * to list all spells.
Flames lash the lemure but do no damage.
The lemure hits you.
The lemure is burned terribly!
The lemure is burned by your cloak of flames.
You kill the lemure!
That felt strangely unrewarding.
The lemure hits you but does no damage.
The lemure is burned by your cloak of flames.
The lemure is moderately wounded.
The lemure hits you.
* * * LOW HITPOINT WARNING * * *
The lemure is burned by your cloak of flames.
You kill the lemure!
That felt strangely unrewarding.
The lemure hits you.
* * * LOW HITPOINT WARNING * * *
The lemure is burned by your cloak of flames.
The lemure is almost dead.
Pikel hits you but does no damage.
Pikel completely resists.
The lemure hits you but does no damage.
The lemure is burned by your cloak of flames.
The lemure is heavily wounded.
The lemure barely misses you.
Pikel hits you with a +2 whip of flaming.
* * * LOW HITPOINT WARNING * * *
Pikel resists.
Pikel is burned by your cloak of flames.
Pikel is lightly wounded.
The lemure hits you but does no damage.
The lemure is burned by your cloak of flames.
The lemure is almost dead.
Pikel hits you with a +2 whip of flaming!
You die...

#.....##.........#
#.....+.....######
#.....#...........
#.......≈≈≈≈≈≈≈≈≈≈
#########......≈≈≈≈≈≈≈≈≈≈
.......##......≈≈#####...
...............≈≈#g#.#.##
.........5...#.≈≈#...###g
........@......≈≈###.....
........K5..##.≈≈.8#.####
............##.≈≈.##.#.⌠.
............+..~~.#g.'...
............##.≈≈.##.#P⌠P
.........$.....≈≈.8# #
.......#.####..≈≈###
########.# ....≈≈#.
#.#.###.≈≈#.#


You could see Pikel and 2 lemures.

Vanquished Creatures
  A black bear (D:4)
  2 lemures (D:4)
  2 bullfrogs (Sewer)
  A scorpion (D:3)
  A hound (D:4)
  An orc wizard (D:3)
  An iguana (D:4)
  A river rat (D:4)
  3 adders
  A worm (D:4)
  2 dart slugs
  8 orcs
  7 bats
  6 endoplasms
  9 giant cockroaches
  6 goblins
  5 hobgoblins
  5 jackals
  8 quokkas
  10 ball pythons
  9 frilled lizards
  3 kobolds
  6 rats
98 creatures vanquished.

Vanquished Creatures (others)
  18 foxfires (Sewer)
18 creatures vanquished.

Grand Total: 116 creatures vanquished

Notes
Turn   | Place    | Note
-------+----------+-------------------------------------------
     0 | D:1      | bmack86 the Barachi Cinder Acolyte began the quest for the
                  | Orb.
     0 | D:1      | Reached XP level 1. HP: 18/18 MP: 2/2
   218 | D:1      | Reached XP level 2. HP: 20/25 MP: 4/4
   521 | D:1      | Reached skill level 4 in Fighting
   779 | D:1      | Reached XP level 3. HP: 29/30 MP: 5/5
  1690 | D:2      | Reached XP level 4. HP: 16/37 MP: 7/7
  1777 | D:3      | Reached skill level 1 in Summonings
  1789 | D:3      | Learned a level 2 spell: Scorch
  1934 | D:3      | Reached skill level 1 in Translocations
  1949 | D:3      | Found a faded altar of an unknown god.
  2071 | D:3      | Noticed a scorpion
  2077 | D:3      | Killed a scorpion
  2078 | D:3      | Reached XP level 5. HP: 20/43 MP: 1/9
  2775 | D:4      | Noticed a black bear
  2781 | D:4      | Killed a black bear
  2782 | D:4      | Reached XP level 6. HP: 41/49 MP: 3/10
  2863 | D:4      | Found a glowing drain.
  2898 | Sewer    | Entered a sewer
  2974 | Sewer    | Reached skill level 5 in Fighting
  3118 | Sewer    | Reached XP level 7. HP: 56/56 MP: 12/12
  3241 | D:4      | Identified the +10 halberd "Newtslayer" {pain, Fly Str+4}
  3555 | D:4      | Noticed Pikel
  3569 | D:4      | Slain by Pikel

Illustrated notes

Levels and vault maps discovered:
D:1:      lightli_arrival_farm, layout_loops_ring, serial_bayou_pond_e,
          chequers_serial_rivers_large_a
D:2:      layout_basic
D:3:      layout_basic, shapermc_ecumenical_altar_gd
D:4:      layout_basic, gammafunk_ghost_gnarly_gnolls,
          cheibrodos_sewer_entry_sluice, minmay_fire_ice_demons, uniq_pikel,
          uniq_ijyb

Skill      XL: |  1  2  3  4  5  6  7 |
---------------+----------------------+-----
Fighting       | 4 5 |  5.0
Spellcasting   | 2 3 4 |  4.1
Summonings     | 1 |  1.4
Translocations | 1 2 3 |  3.3
Axes           | 4 |  4.6
Fire Magic     | 4 |  4.1

Action                     |  1- 3 |  4- 6 |  7- 9 || total
---------------------------+-------+-------+-------++-------
  Melee: Hand axe          |   112 |    86 |    50 ||   248
         Punch             |     1 |       |       ||     1
  Throw: Dart              |       |     2 |       ||     2
   Cast: Scorch            |       |     9 |     2 ||    11
 Invoke: Fiery Armour      |     2 |     3 |     1 ||     6
         Foxfire Swarm     |       |     1 |       ||     1
Ability: Hop               |     1 |       |       ||     1
    Use: Scroll            |     1 |     4 |       ||     5
         Potion            |       |     1 |       ||     1
 Armour: Robe              |    57 |    33 |    28 ||   118
  Dodge: Dodged            |    92 |    69 |    35 ||   196
